 Seeded DCSS version 0.30.1-8-g117510f58f (webtiles) character file.

Game seed: 7349257698004992703 (custom seed)

10 CarvArkoylaein the Magician (level 2, 0/21 HPs)
             Began as a Djinni Hedge Wizard on Sept 22, 2023.
             Slain by a jackal (2 damage)
             ... on level 1 of the Dungeon.
             The game lasted 00:02:33 (295 turns).

CarvArkoylaein the Magician (Djinni Hedge Wizard)    Turns: 295, Time: 00:02:33

Health: 0/21       AC:  3    Str:  9    XL:     2   Next: 30%
Gold:   23         EV:  8    Int: 15    God:
                   SH:  6    Dex: 12

rFire   + + .        a - +0 dagger
rCold   x . .        f - +0 kite shield
rNeg    . . .        g - +0 leather armour
rPois   ∞            c - +0 hat
rElec   .            (no cloak)
rCorr   .            (no gloves)
SInv    .            (boots unavailable)
Will    .....        (no amulet)
Stlth   +            (no ring)
HPRegen 0.23/turn    (no ring)
MPRegen 0.00/turn

%: infuse magic (-1 HP)
@: flying, very slightly contaminated
A: sickness immunity, fire resistance 2, cold vulnerability 1, float, innate
caster, HP casting, extra vitality 1
a: no special abilities


You were on level 1 of the Dungeon.
You visited 1 branch of the dungeon, and saw 1 of its levels.

You collected 23 gold pieces.

Inventory:

Hand Weapons
 a - a +0 dagger (weapon)
Armour
 b - a +0 robe
 c - a +0 hat (worn)
 f - a +0 kite shield (worn)
 g - a +0 leather armour (worn)
Scrolls
 d - a scroll of fog {unknown}
 e - 2 scrolls of identify {unknown}
 h - a scroll of amnesia {unknown}


   Skills:
 + Level 0.1 Short Blades
 + Level 2.2 Dodging
 + Level 1.6 Stealth
 + Level 2.8 Spellcasting


You knew the following spells:

 Your Spells              Type           Power      Damage    Failure   Level
a - Magic Dart            Conj           40%        1d5       50%         1
b - Slow                  Hex            40%        N/A       50%         1
c - Blink                 Tloc           20%        N/A       65%         2
d - Call Imp              Summ           20%        N/A       65%         2
e - Mephitic Cloud        Conj/Pois/Air  10%        N/A       86%         3
Your spell library was empty.

Dungeon Overview and Level Annotations

Branches:
Dungeon (1/15)

Altars:


Innate Abilities, Weirdness & Mutations

You are immune to sickness and miasma.
You are immune to poison.
Your flesh is very heat resistant. (rF++)
You are vulnerable to cold. (rC-)
You float through the air rather than walking.
You learn spells naturally, not from books.
Your magical power is your life essence.
You have superior vitality. (+4 MHP)


Message History

You hit the jackal.
The jackal is severely wounded.
The jackal closely misses you. The jackal barely misses you.
You hit the jackal but do no damage.
The jackal is severely wounded.
The jackal barely misses you.
You hit the jackal.
You kill the jackal!
The jackal bites you.
* * * LOW HITPOINT WARNING * * *
You barely miss the jackal.
The jackal bites you but does no damage.
The jackal barely misses you.
You hit the jackal but do no damage. You block the jackal's attack.
The jackal bites you.
* * * LOW HITPOINT WARNING * * *
You closely miss the jackal. You block the jackal's attack.
The jackal barely misses you.
You hit the jackal but do no damage.
The jackal bites you but does no damage.
Aiming: Magic Dart (safe; 50% risk of failure)
Press: ? - help, Q - select action, (/) - cycle Shift-Dir - straight line, f - jackal
Aim: a jackal (100% to hit)
The magic dart hits the jackal.
The jackal is moderately wounded.
* * * LOW HITPOINT WARNING * * *
You block the jackal's attack. The jackal bites you.
* * * LOW HITPOINT WARNING * * *
You block the jackal's attack.
You don't have enough health to cast this spell.
You hit the jackal.
The jackal is heavily wounded.
The jackal misses you.
You closely miss the jackal.
The jackal is heavily wounded.
You block the jackal's attack. The jackal completely misses you.
You hit the jackal.
The jackal is almost dead.
The jackal bites you.
You die...

#..# #...#####
##.# #........ #.#
#####.####..# #.#
#.....# ##.#. #.#
#.#######.... #J#
#.# #.#.#. #K# #.#
#...>. #h####.#
#.#.#. #@.....##
#..... #.#.#...##
#.#.#.
#..##..#.####.....
#.............#.#.
##.#..............
##.###.#######.#.
##. ## #### ##


You could see an endoplasm, a jackal and a kobold.

Vanquished Creatures
  A dart slug (D:1)
  An endoplasm (D:1)
  A hobgoblin (D:1)
  3 jackals (D:1)
  A frilled lizard (D:1)
7 creatures vanquished.

Notes
Turn   | Place    | Note
-------+----------+-------------------------------------------
     0 | D:1      | CarvArkoylaein the Djinni Hedge Wizard began the quest for
                  | the Orb.
     0 | D:1      | CarvArkoylaein set off with the following spells memorised:
                  | Magic Dart, Slow, Blink, Call Imp, Mephitic Cloud.
     0 | D:1      | Reached XP level 1. HP: 15/15 MP: 0/0
    97 | D:1      | Reached XP level 2. HP: 11/21 MP: 0/0
   290 | D:1      | HP: 1/21 [jackal (2)]
   295 | D:1      | Slain by a jackal

Illustrated notes

Levels and vault maps discovered:
D:1:      dpeg_arrival_water_temple_mockup, layout_loops_ring, st_stairs_10

Action                     || total
---------------------------++-------
  Melee: Dagger            ||    20
         Punch             ||     1
   Cast: Magic Dart        ||    22
         Slow              ||     1
 Armour: Robe              ||     1
         Leather armour    ||     3
  Dodge: Dodged            ||    17
  Block: Kite shield       ||     9
